AoeStats
← el_fercho143

Hideout

510266773Analyzed
1v1 RM · 2d ago on Sep 30, 2026· 34m 11s· 2 players
Game mode
Random Map
Map size
Tiny (2 player)
Population
200
Speed
Normal
Resources
Standard
Victory
Conquest
Starting age
Dark Age
Ending age
Imperial Age
RankedLock teamsTeams togetherTeam positionsShared explorationLock speedFull tech treeHidden civsTurbo modeCheats
Victory
Defeat
🇪🇸 Byzantines · Spain
783
+20
🇵🇪 Spanish · Peru
880
-20
TheRainsOfCastamere
0:26 Loom
9:32 Feudal Age
10:06 Double-Bit Axe
11:52 Horse Collar
14:53 Stone Mining
19:09 Castle Age
17:56 Scale Mail Armor
20:52 Heavy Plow
21:38 Bow Saw
22:59 Wheelbarrow
22:17 Fletching
23:42 Man-at-Arms
29:22 Hand Cart
29:03 Gold Mining
29:08 Stone Mining
34:38 Imperial Age
33:59 Stone Shaft Mining
el_fercho143
11:03 Feudal Age
11:47 Double-Bit Axe
17:51 Castle Age
16:41 Horse Collar
18:08 Crossbowman
20:32 Wheelbarrow
23:18 Gold Mining
24:34 Ballistics
25:14 Murder Holes
26:03 Thumb Ring
26:38 Loom
27:10 Stone Mining
28:25 Fletching
28:36 Padded Archer Armor
28:48 Forging
29:05 Bow Saw
29:11 Bodkin Arrow
33:47 Imperial Age
33:58 Leather Archer Armor
34:19 Iron Casting
33:45 Scale Mail Armor
Connection lost

Rejoining the realm…

Still unreachable

The connection could not be restored.

Session expired

The server has moved on; the page needs a fresh start.